 Dungeon Crawl Stone Soup version 0.32-a0-12-g7fc57aa741 (webtiles) character file.

Game seed: 3855191871829112279

19672 PriceMaster the Destroyer (level 12, -6/64 HPs)
             Began as an Octopode Conjurer on Jan 15, 2024.
             Was an Elder of Vehumet.
             Shot with an arrow by a centaur warrior (8 damage)
             ... on level 12 of the Dungeon.
             The game lasted 01:18:41 (14542 turns).

PriceMaster the Destroyer (Octopode Conjurer)      Turns: 14542, Time: 01:18:41

Health: -6/64      AC:  1    Str:  6    XL:     12   Next: 71%
Magic:  14/25      EV: 13    Int: 25    God:    Vehumet [****..]
Gold:   250        SH:  0    Dex: 11    Spells: 12/30 levels left

rFire   + + .        d - +3 flail (protect)
rCold   . . .        (no shield)
rNeg    + . .        c - +0 hat "Alehe" {rElec rF++}
rPois   .            f - amulet of magic regeneration
rElec   +            h - ring of positive energy
rCorr   .            u - ring of willpower
SInv    .            F - ring of wizardry
Will    +....        (no ring)
Stlth   ++++         (no ring)
HPRegen 0.30/turn    (no ring)
MPRegen 0.59/turn    (no ring)
                     (no ring)

%: random rage (9%), wizardry (x1)
@: no status effects
A: almost no armour, amphibious, 8 rings, camouflage 1, gelatinous body 1,
(nimble swimmer 1), tentacles, berserk 2, frail 1, sense surroundings 1
a: Renounce Religion


You were on level 12 of the Dungeon.
You worshipped Vehumet.
Vehumet was greatly pleased with you.
You visited 2 branches of the dungeon, and saw 13 of its levels.

You collected 642 gold pieces.
You spent 392 gold pieces at shops.

Inventory:

Hand Weapons
 a - a +1 spear of freezing
 d - a +3 flail of protection (weapon)
 l - a +0 falchion
 m - a +0 club
 A - a +0 short sword
 B - a +0 dagger
 C - a +1 great sword of protection
Missiles
 o - 151 stones
Armour
 c - the +0 hat "Alehe" (worn) {rElec rF++}
   (You acquired it on level 9 of the Dungeon)

   rF++:      It greatly protects you from fire.
   rElec:     It insulates you from electricity.
Jewellery
 f - an amulet of magic regeneration (around mantle)
 h - a ring of positive energy (left tentacle)
 q - an amulet of regeneration
 u - a ring of willpower (right tentacle)
 v - a ring of resist corrosion
 F - a ring of wizardry (on tentacle)
 H - a ring of willpower
Talismans
 i - a beast talisman
Wands
 p - a wand of flame (3)
 r - a wand of roots (4)
 y - a wand of charming (5)
 E - a wand of light (15)
Scrolls
 b - a scroll of summoning
 e - 3 scrolls of enchant armour
 g - 2 scrolls of poison {unknown}
 j - a scroll of vulnerability
 k - 4 scrolls of noise
 s - 3 scrolls of teleportation
 t - 2 scrolls of silence
 x - 2 scrolls of identify
 G - a scroll of enchant weapon
Potions
 z - 2 potions of ambrosia
 D - a potion of enlightenment


   Skills:
 + Level 3.3 Fighting
 + Level 0.4 Short Blades
 + Level 3.5 Maces & Flails
 + Level 3.3 Dodging
 + Level 6.0 Stealth
 + Level 0.6 Shields
 + Level 9.6 Spellcasting
 * Level 14.9 Conjurations
 + Level 3.5 Translocations
 + Level 2.5 Fire Magic
 + Level 2.8 Ice Magic
 + Level 5.8 Alchemy
 + Level 1.7 Shapeshifting


You had 12 spell levels left.
You knew the following spells:

 Your Spells              Type           Power      Damage    Failure   Level
a - Magic Dart            Conj           100%       1d8       0%          1
b - Searing Ray           Conj           100%       2d8       0%          2
c - Hailstorm             Conj/Ice       54%        3d11      1%          3
d - Iskenderun's Mystic   Conj/Tloc      55%        2d12      1%          4
e - Fulminant Prism       Conj/Alch      29%        3d13      1%          4
f - Flame Wave            Conj/Fire      53%        2d13      1%          4

Your spell library contained the following spells:

 Spells                   Type           Power      Damage    Failure   Level
 Ignite Poison            Fire/Alch      33%        N/A       1%          4
 Apportation              Tloc           58%        N/A       1%          1
 Foxfire                  Conj/Fire      100%       2x1d9     1%          1
 Freeze                   Ice            100%       1d10      1%          1
 Sting                    Conj/Alch      100%       1d9       1%          1
 Cigotuvi's Dreadful Rot  Necr/Alch/Air  42%        N/A       1%          2
 Frozen Ramparts          Ice            52%        1d8       1%          3
 Inner Flame              Hex/Fire       18%        N/A       1%          3
 Sticky Flame             Fire/Alch      33%        2d7       1%          4
 Necrotise                Necr           48%        1d6       2%          1
 Slow                     Hex            48%        N/A       2%          1
 Summon Small Mammal      Summ           48%        N/A       2%          1
 Starburst                Conj/Fire      26%        6d8       2%          6
 Confusing Touch          Hex            12%        N/A       6%          3
 Sigil of Binding         Hex            12%        N/A       6%          3
 Vampiric Draining        Necr           12%        2d6       6%          3
 Lee's Rapid Deconstruct  Erth           6%         3d6*      14%         5
 Dispel Undead            Necr           12%        3d9       21%         4
 Martyr's Knell           Necr/Summ      12%        N/A       21%         4
 Summon Lightning Spire   Summ/Air       12%        N/A       21%         4
 Plasma Beam              Fire/Air       9%         2x1d19    38%         6
 Curse of Agony           Necr           12%        N/A       47%         5
 Death Channel            Necr           6%         N/A       95%         6
 Animate Armour           Summ/Erth      Unusable   N/A       N/A         4

Dungeon Overview and Level Annotations

Branches:
Dungeon (12/15)            Temple (1/1) D:6            Lair (0/5) D:10
    Orc (0/2) D:9

Altars:
Ashenzari
Cheibriados
Dithmenos
Elyvilon
Fedhas
Gozag
Hepliaklqana
Kikubaaqudgha
Makhleb
Nemelex Xobeh
Okawaru
Qazlal
Ru
Sif Muna
Trog
Uskayaw
Vehumet
Wu Jian
Xom
Yredelemnul
Zin
The Shining One

Shops:
D:8 :

Portals:
Trove: D:11 (give 13 potions of heal wounds)

Annotations:
D:11 1 transporter


Innate Abilities, Weirdness & Mutations

You cannot wear most types of armour.
You are amphibious.
You can wear up to eight rings at the same time.
Your skin changes colour to match your surroundings (Stealth+).
Your rubbery body absorbs attacks. (AC +1, EV +1)
((You are camouflaged when in or above water. (Stealth+)))
You have tentacles for arms and can constrict up to eight enemies at once.
You have an uncontrollable temper.
You are frail. (-10% HP)
You passively map a small area around you.


Message History

The centaur warrior shouts!
A fulminant prism comes into view.
The centaur warrior shoots an arrow.
The arrow hits you.
The centaur warrior shoots an arrow.
The arrow hits your fulminant prism!!
Your fulminant prism detonates feebly.
Casting: Fulminant Prism (safe; 1% risk of failure)
Confirm with . or Enter, or press ? or * to list all spells.
Aiming: Fulminant Prism (safe; 1% risk of failure)
Press: ? - help, Dir - move target You conjure a prism of explosive energy!
A fulminant prism comes into view.
The centaur warrior shoots an arrow.
The arrow hits you!
Casting: Fulminant Prism (safe; 1% risk of failure)
Confirm with . or Enter, or press ? or * to list all spells.
Aiming: Fulminant Prism (safe; 1% risk of failure)
Press: ? - help, Dir - move target You conjure a prism of explosive energy!
A fulminant prism comes into view.
The centaur warrior shoots an arrow.
The arrow hits your fulminant prism!
Your fulminant prism crackles loudly.
The centaur warrior shoots an arrow.
The arrow hits your fulminant prism!!
Your fulminant prism explodes!
The blast of energy engulfs the centaur warrior!
The centaur warrior is moderately wounded.
The blast of energy engulfs your fulminant prism!!
Your fulminant prism detonates feebly.
The centaur warrior shoots an arrow.
The arrow hits you!!
* * * LOW HITPOINT WARNING * * *
Casting: Fulminant Prism (safe; 1% risk of failure)
Confirm with . or Enter, or press ? or * to list all spells.
You erupt in a blast of force!
The mystic blast hits the centaur warrior.
The centaur warrior is moderately wounded.
The centaur warrior is knocked back by the mystic blast.
Unknown command.
As you read the scroll of fear, it crumbles to dust.
You assume a fearsome visage.
The centaur warrior resists with some effort.
The centaur warrior shoots an arrow.
The arrow hits you!
You die...

######'### # ######
#........### #
#....####
#........'.###
#.......#
#........#....
#.......#
######........
####....# #........
#....########........
#....##..............
#...@##..............
#......c.............
#..................##
###............###.#
#............#<#.##
#......#####.#.#.##
#......# #....#.##
#......# #..###.##
#......# #..# #...


You could see a centaur warrior.

Vanquished Creatures
  A vault guard (D:11)
  3 two-headed ogres
  The ghost of runemasterragnar the Covert, a journeyman OpFi of Hepliaklqana (D:11)
  2 ugly things
  A cyclops (D:12)
  3 gargoyles
  2 trolls
  2 hornets
  Prince Ribbit (D:5)
  A vampire (D:12)
  3 wraiths
  5 slime creatures (D:12)
  31 yaks
  8 wyverns
  A basilisk (D:12)
  3 steam dragons
  Menkaure (D:7)
  6 water moccasins
  An acid dragon (D:9)
  9 orc warriors
  3 sky beasts
  2 ogres
  3 centaurs
  A phantom (D:5)
  2 kobold brigands
  4 bullfrogs
  5 scorpions
  A gnoll sergeant (D:8)
  9 wights
  8 killer bees
  4 howler monkeys
  A bombardier beetle (D:5)
  5 hounds
  7 jellies
  10 orc priests
  8 iguanas
  Ijyb (D:5)
  17 orc wizards
  Robin (D:2)
  9 adders
  12 gnolls
  A river rat (D:5)
  A shadow imp (D:5)
  A white imp (D:5)
  4 ufetubi
  2 ribbon worms
  3 dart slugs
  66 orcs
  8 ball pythons
  5 endoplasms
  A giant cockroach (D:3)
  11 goblins
  7 hobgoblins
  4 jackals (D:2)
  30 kobolds
  4 quokkas
  6 bats
  3 frilled lizards
  4 rats
  33 fulminant prisms
392 creatures vanquished.

Vanquished Creatures (collateral kills)
  A steam dragon (D:10)
  2 kobolds (D:9)
3 creatures vanquished.

Vanquished Creatures (others)
  A water moccasin (D:10)
  A howler monkey (D:9)
  160 fulminant prisms
162 creatures vanquished.

Grand Total: 557 creatures vanquished

Notes
Turn   | Place    | Note
-------+----------+-------------------------------------------
     0 | D:1      | PriceMaster the Octopode Conjurer began the quest for the
                  | Orb.
     0 | D:1      | Reached XP level 1. HP: 11/11 MP: 3/3
   269 | D:1      | Found a faded altar of an unknown god.
   360 | D:1      | You fall into a shaft and drop 1 floor!
   450 | D:1      | Reached XP level 2. HP: 17/17 MP: 3/5
   734 | D:2      | Learned a level 2 spell: Searing Ray
   890 | D:2      | Noticed Robin
  1142 | D:2      | Reached XP level 3. HP: 21/21 MP: 0/6
  1268 | D:2      | Killed Robin
  1314 | D:2      | Reached skill level 5 in Conjurations
  1439 | D:2      | Reached XP level 4. HP: 27/27 MP: 2/7
  2422 | D:3      | Noticed a sky beast
  2462 | D:3      | Found a stormy altar of Qazlal.
  2505 | D:3      | Killed a sky beast
  2506 | D:3      | Reached XP level 5. HP: 32/32 MP: 0/9
  2895 | D:4      | Reached XP level 6. HP: 33/37 MP: 8/10
  2962 | D:4      | HP: 2/55 [gnoll/+0 spear (6)]
  2965 | D:4      | Gained mutation: You occasionally lose the ability to drink
                  | potions when taking damage. [potion of mutation]
  3492 | D:4      | Learned a level 3 spell: Hailstorm
  3581 | D:4      | Lost mutation: You occasionally lose the ability to drink
                  | potions when taking damage. [potion of mutation]
  3581 | D:4      | Gained mutation: You are partially covered in iridescent
                  | scales. (AC +2) [potion of mutation]
  3581 | D:4      | Gained mutation: You occasionally lose the ability to drink
                  | potions when taking damage. [potion of mutation]
  3628 | D:4      | Learned a level 4 spell: Iskenderun's Mystic Blast
  3861 | D:4      | Reached skill level 6 in Conjurations
  3944 | D:4      | Reached skill level 1 in Fighting
  4308 | D:5      | Entered Level 5 of the Dungeon
  4330 | D:5      | Found a basalt altar of Yredelemnul.
  4341 | D:5      | Noticed a wyvern
  4352 | D:5      | HP: 1/38 [wyvern (1)]
  4353 | D:5      | Killed a wyvern
  4354 | D:5      | Reached XP level 7. HP: 1/43 MP: 1/12
  4558 | D:5      | Noticed Prince Ribbit
  4566 | D:5      | Killed Prince Ribbit
  4567 | D:5      | Reached skill level 1 in Maces & Flails
  4567 | D:5      | Reached skill level 7 in Conjurations
  4567 | D:5      | Reached skill level 1 in Shapeshifting
  4572 | D:5      | Reached XP level 8. HP: 48/48 MP: 6/14
  4577 | D:5      | Found an iron altar of Okawaru.
  4676 | D:5      | Noticed Ijyb
  4706 | D:5      | Killed Ijyb
  4708 | D:5      | Reached skill level 8 in Conjurations
  5007 | D:5      | Reached skill level 1 in Ice Magic
  5058 | D:5      | Found a glowing drain.
  5299 | D:5      | Lost mutation: You occasionally lose the ability to drink
                  | potions when taking damage. [potion of mutation]
  5299 | D:5      | Lost mutation: You are partially covered in iridescent
                  | scales. (AC +2) [potion of mutation]
  5299 | D:5      | Gained mutation: You sometimes lose your temper in combat.
                  | [potion of mutation]
  5299 | D:5      | Gained mutation: You have an uncontrollable temper. [potion
                  | of mutation]
  5299 | D:5      | Gained mutation: You are frail. (-10% HP) [potion of
                  | mutation]
  5299 | D:5      | Gained mutation: You passively map a small area around you.
                  | [potion of mutation]
  5348 | D:5      | Reached skill level 1 in Translocations
  5503 | D:6      | Reached skill level 5 in Spellcasting
  5544 | D:6      | Found a staircase to the Ecumenical Temple.
  5550 | D:6      | Reached XP level 9. HP: 48/48 MP: 10/16
  5555 | D:6      | Learned a level 4 spell: Fulminant Prism
  5575 | Temple   | Entered the Ecumenical Temple
  5669 | Temple   | Became a worshipper of Vehumet
  5694 | D:6      | Reached skill level 9 in Conjurations
  6442 | D:7      | Found a white marble altar of Elyvilon.
  6542 | D:7      | Noticed Menkaure
  6550 | D:7      | Killed Menkaure
  6551 | D:7      | Reached skill level 10 in Conjurations
  6551 | D:7      | Reached skill level 1 in Alchemy
  6590 | D:7      | Reached * piety under Vehumet
  6590 | D:7      | Offered knowledge of Kiss of Death by Vehumet.
  7407 | D:7      | Reached XP level 10. HP: 13/54 MP: 3/20
  7748 | D:7      | Found a burning altar of Makhleb.
  7758 | D:7      | Found a sparkling altar of Nemelex Xobeh.
  8269 | D:8      | Found an opulent altar of Gozag.
  8299 | D:8      | Found Raoga's Book Shoppe.
  8349 | D:8      | Reached skill level 11 in Conjurations
  8454 | D:8      | Bought a book of Flames for 392 gold pieces
  8459 | D:8      | Learned a level 4 spell: Flame Wave
  8874 | D:8      | Found a glowing silver altar of Zin.
  8927 | D:8      | Offered knowledge of Scorch by Vehumet.
  8927 | D:8      | Reached ** piety under Vehumet
  9244 | D:9      | Found a staircase to the Orcish Mines.
  9645 | D:9      | Offered knowledge of Volatile Blastmotes by Vehumet.
  9712 | D:9      | Reached skill level 12 in Conjurations
  9816 | D:9      | Reached *** piety under Vehumet
  9832 | D:9      | Noticed a two-headed ogre
  9940 | D:9      | Killed a two-headed ogre
  9941 | D:9      | Reached XP level 11. HP: 59/59 MP: 5/22
 10212 | D:9      | Reached skill level 5 in Stealth
 10452 | D:9      | Offered knowledge of Dazzling Flash by Vehumet.
 10533 | D:9      | Noticed a white ugly thing
 10541 | D:9      | Killed a white ugly thing
 10701 | D:9      | Identified a scroll of acquirement
 10702 | D:9      | Acquired the +0 hat "Alehe" {rElec rF++}
 10772 | D:10     | Entered Level 10 of the Dungeon
 11058 | D:10     | Reached skill level 13 in Conjurations
 11207 | D:10     | Reached **** piety under Vehumet
 11448 | D:10     | Found a staircase to the Lair.
 11477 | D:10     | Offered knowledge of Ignite Poison by Vehumet.
 11478 | D:10     | Reached skill level 1 in Fire Magic
 11877 | D:10     | Noticed a two-headed ogre
 11890 | D:10     | Killed a two-headed ogre
 12330 | D:10     | Noticed a two-headed ogre
 12344 | D:10     | Killed a two-headed ogre
 12499 | D:11     | Reached XP level 12. HP: 56/64 MP: 14/24
 12531 | D:11     | Found a transporter.
 12578 | D:11     | Reached skill level 14 in Conjurations
 12890 | D:11     | Noticed a vault guard
 12910 | D:11     | Killed a vault guard
 12932 | D:11     | Found a portal to a secret trove of treasure.
 12995 | D:11     | Reached skill level 5 in Alchemy
 13146 | D:11     | Found a runed translucent gate.
 13147 | D:11     | Found a runed translucent gate.
 13147 | D:11     | Noticed runemasterragnar's ghost (journeyman OpFi)
 13148 | D:11     | Found a runed translucent gate.
 13437 | D:11     | Killed runemasterragnar's ghost
 14143 | D:12     | Noticed a centaur warrior
 14539 | D:12     | HP: 1/64 [centaur warrior/arrow (20)]
 14542 | D:12     | Shot with an arrow by a centaur warrior

Illustrated notes

Levels and vault maps discovered:
D:1:      dpeg_arrival_tiny_c, layout_loops_ring, basic_ecumenical_altar,
          nicolae_concentric_dashed_squares_mild, minmay_pentomino_x2
D:2:      layout_rooms, serial_co_window_serial, co_window_corner_a,
          co_window_corner_a, co_window_paths_b, co_window_paths_b,
          co_window_corner_a, co_window_of_opportunity_a, co_window_corner_a,
          co_window_paths_c, co_window_broadway_c, co_window_of_opportunity_b,
          co_window_of_opportunity_c, co_window_broadway_c, co_window_4corner_b,
          glass_columns_a, glass_columns_a, glass_columns_a, uniq_robin
D:3:      layout_basic, nicolae_qazlal_beasts_of_the_sky, minivault_23
D:4:      layout_basic, nicolae_houndstooth_variations
D:5:      cheibrodos_fzero, layout_basic, mainiacjoe_overflow_large_starburst,
          portal_sewer_entry_b, uniq_prince_ribbit1, uniq_ijyb
D:6:      layout_gridville, minmay_temple_entry_slanted,
          dreamdust_princess_corridor, kennysheep_small_circle
D:7:      layout_layer_cave, jmf_multi_god_temple2, kennysheep_mini_moat,
          uniq_menkaure
D:8:      kennysheep_kobold_camp, layout_rooms,
          pdpol_temple_overflow_zin_treasury_gozag_greed, serial_shops, shop
D:9:      layout_roguey, david_orc_2, grunt_potential
D:10:     kennysheep_six_static_rooms, layout_basic, minmay_lair_entry_grove
D:11:     layout_loops_cross, biasface_ghost_orc_armoury, enter_trove_5,
          nicolae_diode_basic
D:12:     layout_basic, corner_web_ring
Temple:   eino_temple_lava

Skill      XL: |  1  2  3  4  5  6  7  8  9 10 11 12 |
---------------+-------------------------------------+-----
Conjurations   | 5 6 7 8 10 12 13 14 | 14.9
Stealth        | 3 4 5 6 |  6.0
Spellcasting   | 3 4 5 6 7 8 9 |  9.6
Fighting       | 1 2 3 |  3.3
Maces & Flails | 1 2 3 |  3.5
Shapeshifting  | 1 |  1.7
Dodging        | 3 |  3.3
Ice Magic      | 1 2 |  2.8
Translocations | 1 2 3 |  3.5
Alchemy        | 1 2 4 5 |  5.8
Fire Magic     | 1 2 |  2.5
Short Blades   | |  0.4
Shields        | |  0.6

Action                     |  1- 3 |  4- 6 |  7- 9 | 10-12 || total
---------------------------+-------+-------+-------+-------++-------
  Melee: Dagger            |    20 |    29 |       |       ||    49
         Constrict         |     6 |     8 |     6 |     9 ||    29
         Tentacles         |     3 |     9 |     1 |     9 ||    22
         Flail             |       |    19 |    21 |    31 ||    71
         Punch             |       |     2 |       |       ||     2
   Cast: Magic Dart        |    29 |    59 |   107 |   135 ||   330
         Searing Ray       |     6 |    16 |    24 |    29 ||    75
         Iskenderun's Myst |       |     6 |    20 |    43 ||    69
         Hailstorm         |       |     3 |    20 |    32 ||    55
         Fulminant Prism   |       |       |    24 |   169 ||   193
         Flame Wave        |       |       |       |    29 ||    29
Ability: Begin Untransform |       |       |     1 |       ||     1
  Evoke: Wand              |       |       |       |     4 ||     4
    Use: Scroll            |     1 |     7 |     7 |    12 ||    27
         Potion            |     1 |     9 |     2 |    13 ||    25
   Stab: Sleeping          |     1 |     3 |       |       ||     4
         Distracted        |     1 |       |       |       ||     1
 Armour: Skin              |    15 |    68 |    25 |    69 ||   177
  Dodge: Dodged            |     9 |    42 |    24 |    55 ||   130
  Block: Kite shield       |    11 |    24 |       |       ||    35
   Form: Beast             |     1 |     1 |     2 |       ||     4
                           |     1 |       |     1 |     1 ||     3

Table legend: (Time is in decaauts)
 A = Elapsed time spent in this place.
 B = Non-inter-level travel time spent in this place.
 C = Inter-level travel time spent in this place.
 D = Time resting spent in this place.
 E = Time spent auto-exploring this place.
 F = Levels seen in this place.
 G = Mean time per level.
                   A        B        C        D        E       F      G
               +--------+--------+--------+--------+--------+-----+--------+
         Total |  14605 |  14170 |    435 |   3011 |   7965 |  13 | 1123.5 |
       Dungeon |  14503 |  14075 |    428 |   3011 |   7965 |  12 | 1208.6 |
        Temple |    102 |     95 |      7 |      0 |      0 |   1 |  102.0 |
               +--------+--------+--------+--------+--------+-----+--------+

Top non-repeatable levels by time:
     D:7: 1920 daAuts
     D:9: 1667 daAuts
    D:10: 1656 daAuts
     D:4: 1452 daAuts
     D:2: 1331 daAuts
    D:11: 1124 daAuts
     D:5: 1097 daAuts
    D:12: 989 daAuts
     D:3: 957 daAuts
     D:8: 938 daAuts
     D:6: 766 daAuts
     D:1: 601 daAuts
  Temple: 102 daAuts
